 Seeded DCSS version 0.31-a0-246-g8cbcc1cb85 (webtiles) character file.

Game seed: 14215367866634240820 (custom seed)

52 innerfire43 the Trooper (level 3, 0/29 HPs)
             Began as a Demonspawn Monk on July 12, 2023.
             Slain by a gnoll
             ... wielding a +0 spear
              (8 damage)
             ... on level 2 of the Dungeon.
             The game lasted 00:01:15 (1428 turns).

innerfire43 the Trooper (Demonspawn Monk)           Turns: 1428, Time: 00:01:16

Health: 0/29       AC:  5    Str: 13    XL:     3   Next: 60%
Magic:  3/3        EV: 13    Int: 11    God:
Gold:   55         SH:  0    Dex: 15    Spells: 2/2 levels left

rFire   . . .        a - +0 hand axe
rCold   . . .        d - orb {light}
rNeg    . . .        b - +0 robe
rPois   .            i - +2 helmet
rElec   .            (no cloak)
rCorr   .            (no gloves)
SInv    .            (no boots)
Will    .....        (no amulet)
Stlth   +            (no ring)
HPRegen 0.24/turn    (no ring)
MPRegen 0.08/turn

%: no passive effects
@: confused, ambrosia-drunk, glowing
A: demonic guardian 1
a: no special abilities


You were on level 2 of the Dungeon.
You visited 1 branch of the dungeon, and saw 2 of its levels.

You collected 55 gold pieces.

Inventory:

Hand Weapons
 a - a +0 hand axe (weapon)
Missiles
 h - 5 silver javelins
Armour
 b - a +0 robe (worn)
 d - an orb of light (worn)
 i - a +2 helmet (worn)
Scrolls
 e - a scroll of enchant weapon {unknown}
 f - a scroll of fog {unknown}
Potions
 c - a potion of ambrosia
 g - a potion of curing {unknown}


   Skills:
 + Level 3.5 Fighting
 + Level 3.4 Axes
 + Level 0.0 Armour
 + Level 3.2 Dodging


You had 2 spell levels left.
You didn't know any spells.
Your spell library was empty.

Dungeon Overview and Level Annotations

Branches:
Dungeon (2/15)

Altars:


Innate Abilities, Weirdness & Mutations

A weak demonic guardian rushes to your aid.


Message History

A gnoll comes into view. It is wielding a +0 club.
A gnoll comes into view. It is wielding a +0 club.
The gnoll shouts!
A gnoll comes into view. It is wielding a +0 club.
A gnoll comes into view. It is wielding a +0 spear.
There are monsters nearby!
The gnoll shouts! x2
There are monsters nearby!
The gnoll barely misses you.
You hit the gnoll.
The gnoll is lightly wounded.
The gnoll closely misses you.
You hit the gnoll.
The gnoll is moderately wounded.
You hit the gnoll but do no damage. The gnoll barely misses you.
The gnoll completely misses you. The gnoll barely misses you. x2
The gnoll hits you but does no damage. The gnoll hits you with a +0 club.
You hit the gnoll.
The gnoll is heavily wounded.
You hit the gnoll. The gnoll hits you with a +0 club!
The gnoll hits you from afar with a +0 spear.
The gnoll misses you.
You hit the gnoll.
The gnoll is severely wounded.
You hit the gnoll but do no damage. The gnoll misses you.
The gnoll hits you from afar with a +0 spear.
The gnoll hits you but does no damage.
You hit the gnoll but do no damage.
The gnoll is severely wounded.
You hit the gnoll. The gnoll hits you with a +0 club.
The gnoll hits you from afar with a +0 spear.
* * * LOW HITPOINT WARNING * * *
The gnoll misses you.
You are too injured to fight recklessly!
Unknown command.
You are confused.
You feel invigorated. The gnoll hits you with a +0 club.
* * * LOW HITPOINT WARNING * * *
The gnoll hits you from afar with a +0 spear!
You die...

########
....... .....
##### ....
#....##gg##
#....##gg.#
###.....#@# #
#.......#.#.##
#..........# ##
##..........#
..
##...........#
#
##......#####.#
## ###.......#
..#
.####....#....#
.#
†.....#...#####
.#


You could see 4 gnolls.

Vanquished Creatures
  A worm (D:2)
  2 dart slugs
  3 ball pythons (D:1)
  5 endoplasms
  A giant cockroach (D:1)
  3 goblins (D:1)
  2 hobgoblins (D:2)
  6 jackals (D:1)
  2 kobolds (D:1)
  4 quokkas (D:1)
  3 bats
  2 frilled lizards (D:1)
  2 rats (D:1)
36 creatures vanquished.

Vanquished Creatures (collateral kills)
  A goblin (D:2)
  A hobgoblin (D:1)
2 creatures vanquished.

Grand Total: 38 creatures vanquished

Notes
Turn   | Place    | Note
-------+----------+-------------------------------------------
     0 | D:1      | innerfire43 the Demonspawn Monk began the quest for the
                  | Orb.
     0 | D:1      | Reached XP level 1. HP: 18/18 MP: 1/1
    52 | D:1      | Gained mutation: A weak demonic guardian rushes to your
                  | aid. [demonic ancestry]
    52 | D:1      | Reached XP level 2. HP: 11/24 MP: 2/2
   552 | D:1      | Reached XP level 3. HP: 26/29 MP: 3/3
  1428 | D:2      | Slain by a gnoll

Illustrated notes

Levels and vault maps discovered:
D:1:      dpeg_arrival_castle, layout_basic, serial_forest,
          infiniplex_forest_straight_2, infiniplex_forest_straight_3,
          infiniplex_forest_clump_double, infiniplex_forest_lined_1,
          infiniplex_forest_clump_small, infiniplex_forest_straight_2,
          infiniplex_forest_lined_3_way
D:2:      layout_rooms

Skill      XL: |  1  2 |
---------------+-------+-----
Axes           | 3 |  3.4
Dodging        | 3 |  3.2
Fighting       | |  3.5

Action                     || total
---------------------------++-------
  Melee: Hand axe          ||   100
    Use: Potion            ||     1
 Armour: Robe              ||    25
  Dodge: Dodged            ||    91

Table legend: (Time is in decaauts)
 A = Elapsed time spent in this place.
 B = Non-inter-level travel time spent in this place.
 C = Inter-level travel time spent in this place.
 D = Time resting spent in this place.
 E = Time spent auto-exploring this place.
 F = Levels seen in this place.
 G = Mean time per level.
                   A        B        C        D        E       F      G
               +--------+--------+--------+--------+--------+-----+--------+
         Total |   1447 |   1317 |    130 |      0 |   1104 |   2 |  723.5 |
       Dungeon |   1447 |   1317 |    130 |      0 |   1104 |   2 |  723.5 |
               +--------+--------+--------+--------+--------+-----+--------+

Top non-repeatable levels by time:
     D:1: 1220 daAuts
     D:2: 227 daAuts
